Cogmind - Beta 16 @@@ ROGUE MODE // 2025.10.23 @ 11:09:20 Player: Miwa Result: Destroyed by 0P-1T5(z) with Zionite Laser-S Performance ------------- Evolutions (3) 1500 Regions Visited (8) 1600 Robots Destroyed (43) 215 Value Destroyed (1188) 1188 Prototype IDs (2) 40 Alien Tech Used (0) 0 Bonus (637) 637 TOTAL SCORE: 5180 Bonus ------- Follower Combat Kills 37 Met Imprinter 300 Was Imprinted 300 Cogmind --------- Core Integrity 0/700 Matter 272/300 Energy 91/100 System Corruption 0% Temperature Cool (9) Movement Core (100) Ox1 Location -7/Deep Caves Parts ------- > --- POWER (2) -------- (None) > --- PROPULSION (3) --- (None) > --- UTILITY (6) ------ Improved Signal Interpreter Advanced Targeting Computer Hacking Suite Hacking Suite > --- WEAPON (2) ------- Phasing Sabre > --- INVENTORY (5) ---- ECM Suite Makeshift System Shield Improved Datajack Peak State ------------ > --- POWER ------------ Micro Fission Core Micro Fission Core > --- PROPULSION ------- Improved Hover Unit Antigrav System Antigrav System > --- UTILITY ---------- Improved Heat Sink Improved Signal Interpreter Advanced Targeting Computer Weapon Cycler Hacking Suite Hacking Suite > --- WEAPON ----------- KE Penetrator Hypervelocity Coil Gun > --- INVENTORY -------- ECM Suite Makeshift System Shield Gauss Rifle Heavy Rocket Launcher Improved Datajack [Rating: 58] Favorites ----------- Power Micro Fission Core Engine Light Ion Engine Power Core Micro Fission Core Propulsion Antigrav System Treads Light Treads Leg VSS Leg Wheel Armored Wheel Hover Unit Antigrav System Flight Unit Flight Unit Utility Hacking Suite Device ECM Suite Storage Small Storage Unit Processor Improved Signal Interpreter Hackware Hacking Suite Weapon KE Penetrator Energy Gun EM Pulse Gun Energy Cannon Heavy Particle Cannon Ballistic Gun KE Penetrator Ballistic Cannon Assault Cannon Launcher Heavy Rocket Launcher Slashing Weapon Phasing Sabre Special Melee Weapon Improved Datajack Build | -11 -10 -9 -8 -7 -7 -7 -7 -7 ------- Run | Yrd Mat Mat Mat Fac Low Low Zio Dee Slots Evolved 6 | . . 2 2 2 . . . . Power 1 | . . . 1 . . . . . Propulsion 1 | . . 1 . . . . . . Utility 4 | . . 1 1 2 . . . . Weapon . | . . . . . . . . . Parts Attached 61 | 6 7 11 14 5 14 1 1 2 Power 12 | 1 1 1 4 . 5 . . . Engine 8 | 1 1 1 2 . 3 . . . Core 4 | . . . 2 . 2 . . . Reactor . | . . . . . . . . . Propulsion 18 | 2 2 4 4 2 3 1 . . Treads 2 | 2 . . . . . . . . Leg 4 | . . . 1 2 1 . . . Wheel 3 | . . . 3 . . . . . Hover 7 | . . 4 . . 2 1 . . Flight 2 | . 2 . . . . . . . Utility 15 | 1 2 3 3 2 3 . 1 . Device 7 | . 1 1 2 1 2 . . . Storage 1 | 1 . . . . . . . . Processor 4 | . 1 1 1 . 1 . . . Hackware 3 | . . 1 . 1 . . 1 . Protection . | . . . . . . . . . Artifact . | . . . . . . . . . Weapon 16 | 2 2 3 3 1 3 . . 2 Energy Gun 4 | 2 1 1 . . . . . . Energy Cannon 2 | . . . 2 . . . . . Ballistic Gun 4 | . . . . 1 3 . . . Ballistic Cannon 1 | . . . 1 . . . . . Launcher 1 | . . . . . . . . 1 Special Weapon . | . . . . . . . . . Impact Weapon . | . . . . . . . . . Slashing Weapon 1 | . . . . . . . . 1 Piercing Weapon . | . . . . . . . . . Special Melee Weapon 3 | . 1 2 . . . . . . Unidentified Prototypes . | . . . . . . . . . Parts Lost 24 | . . 2 8 . 4 . . 10 Power 7 | . . . 3 . 2 . . 2 Propulsion 6 | . . . 3 . . . . 3 Utility 4 | . . . 1 . 1 . . 2 Weapon 7 | . . 2 1 . 1 . . 3 Highest Loss Streak 10 | . . 2 3 . 2 . . 10 To Critical Strikes . | . . . . . . . . . Average Backups 4 | 2 5 4 4 4 4 4 4 4 Power . | . 1 1 . 1 . . . . Propulsion . | 1 2 1 . 1 1 . . . Utility 1 | . . . 2 1 1 2 2 2 Weapon 1 | . 1 . . . . 1 1 1 Tool/Special . | . . . . . . . . . Unused Backups 15 | 2 1 4 3 2 1 1 . 1 Power . | . . . . . . . . . Propulsion 9 | 2 . 3 1 2 1 . . . Utility 4 | . . 1 1 . . 1 . 1 Weapon 2 | . 1 . 1 . . . . . Tool/Special . | . . . . . . . . . Average Slot Usage (%) 92 | . 85 98 87 90 94 93 100 96 Engine 5 | . 14 11 3 7 7 . . . Core 8 | . . . 11 7 6 15 15 14 Treads 1 | . 24 . . . . . . . Leg 6 | . . . 5 13 12 . . . Wheel 1 | . . . 7 2 . . . . Hover 10 | . . 28 9 . 5 16 23 20 Device 15 | . 1 11 17 20 21 15 11 6 Storage 1 | . 12 . . . . . . . Processor 9 | . 1 11 9 7 8 15 15 15 Hackware 12 | . . 10 9 14 15 15 18 23 Energy Gun 3 | . 25 12 1 . . . . . Ballistic Gun 6 | . . . . 6 9 15 15 14 Ballistic Cannon 1 | . . . 5 . . . . . Special Melee Weapon 3 | . 1 8 2 7 4 . . . Peak Build Rating 58 | 6 7 16 30 35 54 58 58 58 Average Rating 33 | 4 6 12 24 32 41 54 57 54 On Entrance 28 | . 6 7 16 27 33 54 58 58 Avg Prop Armor Cover (%) 5 | . . 5 4 5 6 . . . Naked Turns . | . . . . . . . . . Heaviest Build 26 | 14 14 10 24 18 26 23 23 22 Greatest Support 47 | 40 40 18 24 32 47 29 29 29 Greatest Overweight (x) 2 | . . . 2 . . . . 1 Average Overweight (x) . | . . . . . . . . . Largest Inventory Capacity 8 | 8 8 5 5 5 5 5 5 5 Average Capacity 5 | 7 7 5 5 5 5 5 5 5 Most Carried 8 | 5 8 5 5 5 5 5 5 5 Average Carried 4 | 2 5 4 4 4 4 4 4 4 Final Capacity 8 | 8 5 5 5 5 5 5 5 5 Final Carried 5 | 3 5 5 5 5 5 4 5 3 Class Distribution -------------------- 38% | Scavenger-Mutant 33% | Mutant 28% | Hacker-Mutant Dominant Class ---------------- Mutant | -10/Materials Scavenger-Mutant | -9/Materials Mutant | -8/Materials Hacker-Mutant | -7/Factory Hacker-Mutant | -7/Lower Caves Scavenger-Mutant | -7/Lower Caves Scavenger-Mutant | -7/Zion Scavenger-Mutant | -7/Deep Caves Resources | -11 -10 -9 -8 -7 -7 -7 -7 -7 ----------- Run | Yrd Mat Mat Mat Fac Low Low Zio Dee Matter Collected 1609 | 181 101 75 521 . 567 90 10 64 Remotely . | . . . . . . . . . Salvage Created 1523 | . 72 122 590 . 566 25 . 148 Parts 105 | . 10 18 43 . 26 1 . 7 Haulers Intercepted . | . . . . . . . . . Recyclers Shooed 2 | . . . 2 . . . . . Parts Field Recycled . | . . . . . . . . . Retrieved Matter . | . . . . . . . . . Parts Self-Destructed 31 | . . . . . 30 1 . . Prevented . | . . . . . . . . . Parts Restored . | . . . . . . . . . Kills | -11 -10 -9 -8 -7 -7 -7 -7 -7 ------- Run | Yrd Mat Mat Mat Fac Low Low Zio Dee Combat Hostiles Destroyed 34 | . 2 3 15 . 9 . . 5 Guns 15 | . 1 2 . . 9 . . 3 Cannons 15 | . . . 15 . . . . . AOE 4 | . 1 1 . . . . . 2 Classes Destroyed 15 | . 2 3 4 . 3 1 . 2 Worker 2 | . . 2 . . . . . . Builder 5 | . 2 . 3 . . . . . Recycler 1 | . . . 1 . . . . . Minesweeper 1 | . . . . . . 1 . . Operator 1 | . . 1 . . . . . . Watcher 2 | . . 1 1 . . . . . Swarmer 13 | . 2 3 8 . . . . . Grunt 6 | . . . 1 . 5 . . . Duelist 1 | . . . . . 1 . . . Sentry 6 | . . . 5 . 1 . . . Hunter 1 | . . . 1 . . . . . Behemoth 1 | . . . . . 1 . . . Z-Technician 4 | . . . . . . . . 4 Z-Light 2 | . . . . . . . . 2 Assembled 3 | . . . . . . . . 3 Mutant 1 | . . . . . 1 . . . Best Kill Streak 4 | . 3 3 4 . 2 1 . 4 Combat Bots Only 4 | . 2 3 4 . 2 . . 3 Max Kills in Single Turn 4 | . 2 1 2 . 1 1 . 4 Gunslinging . | . . . . . . . . . Exploded 2 | . 1 1 . . . . . 2 Melee . | . . . . . . . . . Uniques/NPCs Destroyed . | . . . . . . . . . Combat | -11 -10 -9 -8 -7 -7 -7 -7 -7 -------- Run | Yrd Mat Mat Mat Fac Low Low Zio Dee Hostile Shots Fired 280 | . 7 21 124 14 60 . . 54 Missed 97 | . . 11 40 6 26 . . 14 Hits 183 | . 7 10 84 8 34 . . 40 Melee 3 | . . . . . 3 . . . Projectile 180 | . 7 10 84 8 31 . . 40 Critical Strikes 5 | . . 1 2 . 2 . . . Damage Taken 3245 | . 71 214 915 94 670 . . 1281 Core 1015 | . 21 106 165 45 133 . . 545 Absorbed by Shields . | . . . . . . . . . Regen/Repaired (Parts) 14 | . . . 14 . . . . . Core Remaining (%) 83 | 100 91 73 70 . . . . . Volleys Fired 190 | . 10 19 92 . 48 10 . 11 Largest 2 | . 2 1 2 . 2 2 . 2 Hottest 112 | . 80 50 112 . 61 61 . 68 Shots Fired 268 | . 18 19 122 . 70 20 . 19 Gun 150 | . 18 19 6 . 70 20 . 17 Cannon 116 | . . . 116 . . . . . Launcher 2 | . . . . . . . . 2 Special . | . . . . . . . . . Kinetic 169 | . . . 62 . 70 20 . 17 Thermal 81 | . 2 19 60 . . . . . Explosive 2 | . . . . . . . . 2 Electromagnetic 16 | . 16 . . . . . . . Robot Hit Streak 10 | . 4 3 7 . 10 3 . 6 Robot Miss Streak 4 | . 3 2 4 . 2 3 . 1 Penetration Max 1 | . . . . . 1 . . . Secondary Targets . | . . . . . . . . . Shots Hit Robots 159 | . 9 18 58 . 52 8 . 14 Core Hits 72 | . 4 8 22 . 22 2 . 14 Critical Kills 3 | . . . 1 . 1 . . 1 Critical Parts Destroyed 2 | . . . . . 1 . . 1 Critical Strikes 8 | . . . 3 . 2 . . 3 Meltdown 1 | . . . 1 . . . . . Destroy 4 | . . . . . 2 . . 2 Blast 2 | . . . 2 . . . . . Sever 1 | . . . . . . . . 1 Melee Attacks 24 | . . 6 8 . 9 . . 1 Impact . | . . . . . . . . . Slashing 1 | . . . . . . . . 1 Piercing . | . . . . . . . . . Sneak Attacks 19 | . . 6 8 . 5 . . . Combat Hostiles 1 | . . . . . 1 . . . Follow-up Attacks . | . . . . . . . . . Damage Inflicted 5152 | . 146 319 1329 . 932 182 . 2244 Guns 1581 | . 126 155 25 . 932 182 . 161 Cannons 1276 | . . . 1276 . . . . . Explosions 2219 | . 20 136 28 . . . . 2035 Melee 48 | . . . . . . . . 48 Ramming 28 | . . 28 . . . . . . Kinetic 1951 | . . . 676 . 932 182 . 161 Thermal 2592 | . 42 155 625 . . . . 1770 Explosive 429 | . . 136 28 . . . . 265 Electromagnetic 104 | . 104 . . . . . . . Impact . | . . . . . . . . . Slashing 48 | . . . . . . . . 48 Piercing . | . . . . . . . . . Highest Corruption . | . . . . . . . . . Average Corruption . | . . . . . . . . . Corruption Purged . | . . . . . . . . . Corruption Blocked . | . . . . . . . . . Overload Shots . | . . . . . . . . . Overflow Damage 597 | . . 69 46 . . . . 482 Projectiles 46 | . . . 46 . . . . . Explosions 551 | . . 69 . . . . . 482 Melee . | . . . . . . . . . Knockbacks 8 | . . . 8 . . . . . Impact . | . . . . . . . . . Kinetic 8 | . . . 8 . . . . . Secondary . | . . . . . . . . . Self-Inflicted Damage 186 | . 21 98 67 . . . . . Shots 3 | . 1 1 1 . . . . . Rammed 1 | . . 1 . . . . . . Targets Rammed 1 | . . 1 . . . . . . Kicked . | . . . . . . . . . Crushed . | . . . . . . . . . Highest Temperature 325 | . 72 67 325 . 57 8 . 35 Average Temperature 64 | . 29 20 81 . 9 5 . 15 Received Heat Transfer 820 | . . 54 135 42 209 . . 380 Effects 7 | . . . 7 . . . . . Energy Bleed 3 | . . . 3 . . . . . Interference 4 | . . . 4 . . . . . Siege Activations . | . . . . . . . . . Martial Activations . | . . . . . . . . . Shielding Activations . | . . . . . . . . . Robots Disrupted . | . . . . . . . . . Combat Hostiles . | . . . . . . . . . Robots Corrupted . | . . . . . . . . . Combat Hostiles . | . . . . . . . . . Parts Fried . | . . . . . . . . . Impact Corruptions . | . . . . . . . . . Robots Melted 1 | . . . 1 . . . . . Combat Hostiles . | . . . . . . . . . Parts Melted . | . . . . . . . . . Heat Transferred 1459 | . 100 397 962 . . . . . Parts Sabotaged . | . . . . . . . . . Parts Stolen . | . . . . . . . . . Parts Stripped . | . . . . . . . . . Power Chain Reactions 1 | . 1 . . . . . . . Alert | -11 -10 -9 -8 -7 -7 -7 -7 -7 ------- Run | Yrd Mat Mat Mat Fac Low Low Zio Dee Maximum Alert Level 1 | . . . 1 . . . . . Low Security (%) 95 | 100 100 100 90 100 . . . . Level 1 4 | . . . 9 . . . . . Level 2 . | . . . . . . . . . Level 3 . | . . . . . . . . . Level 4 . | . . . . . . . . . Level 5 . | . . . . . . . . . High Security . | . . . . . . . . . Max Security . | . . . . . . . . . Peak Influence 222 | . 62 169 222 98 . . . . Initial 98 | . . 26 19 98 . . . . Average 39 | . 8 73 49 21 . . . . Influence Increases 1282 | . 102 263 574 8 330 5 . . Destroy 0b10 Robot/C 560 | . 40 60 300 . 160 . . . Destroy 0b10 Robot/NC 60 | . 10 20 25 . . 5 . . Destroy Leader 114 | . . 12 82 . 20 . . . Successful Hack 26 | . . 17 1 8 . . . . Disable Machine 75 | . . 15 60 . . . . . Destroy Structure 102 | . 7 34 61 . . . . . Partial Spotted 75 | . . 30 45 . . . . . Lose Combat Pursuer 270 | . 45 75 . . 150 . . . Influence Decreases 1282 | . 40 278 405 224 210 125 . . Entered New Map 205 | . . 36 28 118 . 23 . . Time Decay 889 | . 40 204 247 106 190 102 . . Lost Part 91 | . . 20 51 . 20 . . . Purge Threat 97 | . . 18 79 . . . . . Squads Dispatched 7 | . 2 1 2 2 . . . . Investigation 3 | . . 1 1 1 . . . . Extermination 1 | . . . . 1 . . . . Reinforcement 3 | . 2 . 1 . . . . . Assault . | . . . . . . . . . Garrison . | . . . . . . . . . Intercept . | . . . . . . . . . Searches Triggered . | . . . . . . . . . Construction Impeded 1 | . . . 1 . . . . . Haulers Reinforced . | . . . . . . . . . Active Scanning Responses . | . . . . . . . . . Cargo Convoy Interrupts . | . . . . . . . . . Stealth | -11 -10 -9 -8 -7 -7 -7 -7 -7 --------- Run | Yrd Mat Mat Mat Fac Low Low Zio Dee Distress Signals 1 | . . 1 . . . . . . Communications Jammed . | . . . . . . . . . Distress Signals . | . . . . . . . . . Times Spotted 101 | . 6 17 36 6 22 . . 14 Peak Tracking Total 8 | . 3 4 6 6 7 . . 8 Tactical Retreats 26 | . 2 8 6 3 7 . . . ECM-based Alert Blocks 38 | . . 10 18 4 6 . . . Traps | -11 -10 -9 -8 -7 -7 -7 -7 -7 ------- Run | Yrd Mat Mat Mat Fac Low Low Zio Dee Traps Triggered 1 | . . . . 1 . . . . Indirectly . | . . . . . . . . . Trap Hack Attempts . | . . . . . . . . . Triggered . | . . . . . . . . . Disarmed . | . . . . . . . . . Reprogrammed 4 | . . 4 . . . . . . Reused . | . . . . . . . . . Traps Extracted . | . . . . . . . . . Installed . | . . . . . . . . . Triggered . | . . . . . . . . . Machines | -11 -10 -9 -8 -7 -7 -7 -7 -7 ---------- Run | Yrd Mat Mat Mat Fac Low Low Zio Dee Machines Disabled 9 | . . 1 4 . 1 . . 3 Max in Single Turn 2 | . . 1 1 . 1 . . 2 Machines Repaired . | . . . . . . . . . Machines Dismantled . | . . . . . . . . . Machines Sabotaged . | . . . . . . . . . Overloaded Fab Kills . | . . . . . . . . . Hacking | -11 -10 -9 -8 -7 -7 -7 -7 -7 --------- Run | Yrd Mat Mat Mat Fac Low Low Zio Dee Machines Accessed 15 | . . 6 5 3 . . 1 . Terminals 9 | . . 6 2 1 . . . . Fabricators 2 | . . . . 2 . . . . Repair Stations 1 | . . . 1 . . . . . Recycling Units 1 | . . . 1 . . . . . Scanalyzers 1 | . . . 1 . . . . . Garrison Access . | . . . . . . . . . Total Hacks 39 | . . 12 13 8 . . 6 . Successful 20 | . . 4 7 3 . . 6 . Failed 18 | . . 8 5 5 . . . . Catastrophic 3 | . . 3 . . . . . . Database Lockouts 1 | . . . 1 . . . . . Manual 12 | . . 3 1 . . . 8 . Terminals 22 | . . 12 5 5 . . . . Fabricators 3 | . . . . 3 . . . . Repair Stations 2 | . . . 2 . . . . . Recycling Units 2 | . . . 2 . . . . . Scanalyzers 4 | . . . 4 . . . . . Garrison Access . | . . . . . . . . . Terminal Hacks 13 | . . 4 2 1 . . 6 . Part Schematic 7 | . . . . 1 . . 6 . Prototype ID Bank 1 | . . . 1 . . . . . Unreport Threat 2 | . . 1 1 . . . . . Locate Traps 1 | . . 1 . . . . . . Reprogram Traps 1 | . . 1 . . . . . . Zone Layout 1 | . . 1 . . . . . . Fabricator Hacks 2 | . . . . 2 . . . . Network Status 1 | . . . . 1 . . . . Build 1 | . . . . 1 . . . . Repair Station Hacks 2 | . . . 2 . . . . . Scan Component 1 | . . . 1 . . . . . Repair 1 | . . . 1 . . . . . Recycling Unit Hacks . | . . . . . . . . . Scanalyzer 3 | . . . 3 . . . . . Retrieve Study 3 | . . . 3 . . . . . Garrison Access Hacks . | . . . . . . . . . Unauthorized Hacks . | . . . . . . . . . Terminals . | . . . . . . . . . Fabricators . | . . . . . . . . . Repair Stations . | . . . . . . . . . Recycling Units . | . . . . . . . . . Scanalyzers . | . . . . . . . . . Garrison Access . | . . . . . . . . . Data Cores Recovered 1 | . . 1 . . . . . . Used . | . . . . . . . . . Hacking Detections 11 | . . 5 4 2 . . . . Full Trace Events 3 | . . 1 1 1 . . . . Feedback Events . | . . . . . . . . . Feedback Blocked . | . . . . . . . . . Robot Schematics Acquired 3 | . . . . . . . 3 . Robots Built 2 | . . . . 2 . . . . Authchips . | . . . . . . . . . Time 81 | . . . . 81 . . . . Total Robot Build Rating 2 | . . . . 2 . . . . Part Schematics Acquired 21 | . . . . 1 . . 20 . Parts Built . | . . . . . . . . . Authchips . | . . . . . . . . . Time . | . . . . . . . . . Total Part Build Rating . | . . . . . . . . . Part Studies Acquired 3 | . . . 3 . . . . . Parts Repaired 1 | . . . 1 . . . . . Time 26 | . . . 26 . . . . . Parts Recycled . | . . . . . . . . . Recycled Matter . | . . . . . . . . . Retrieved Matter . | . . . . . . . . . Retrieved Components . | . . . . . . . . . Parts Scanalyzed . | . . . . . . . . . Part Schematics Acquired . | . . . . . . . . . Parts Damaged . | . . . . . . . . . Bothacking | -11 -10 -9 -8 -7 -7 -7 -7 -7 ------------ Run | Yrd Mat Mat Mat Fac Low Low Zio Dee Used RIF Installer . | . . . . . . . . . Robots Hacked 7 | . . 2 4 . 1 . . . Non-combat 6 | . . 2 4 . . . . . Combat 1 | . . . . . 1 . . . Robot Hacks Applied 10 | . . 5 4 . 1 . . . parse_system 4 | . . 2 1 . 1 . . . no_distress 5 | . . 2 3 . . . . . find_recycling 1 | . . 1 . . . . . . Relay Couplers Released . | . . . . . . . . . Fabnet Peak Effective % . | . . . . . . . . . Robots Rewired 3 | . . . . . 3 . . . Allies Hacked . | . . . . . . . . . Hacks Repelled . | . . . . . . . . . Allies | -11 -10 -9 -8 -7 -7 -7 -7 -7 -------- Run | Yrd Mat Mat Mat Fac Low Low Zio Dee Total Allies 14 | . . . . 2 3 . 9 . Largest Group 9 | . . . . 2 3 . 9 5 Highest-Rated Group 286 | . . . . 20 87 . 286 126 Highest-Rated Ally 41 | . . . . 10 30 . 41 31 Total Orders . | . . . . . . . . . Ally Attacks 35 | . . . . . 4 . . 31 Total Damage 524 | . . . . . 110 . . 414 Kills 5 | . . . . . 1 . . 4 Allies Corrupted . | . . . . . . . . . Allies Melted . | . . . . . . . . . Intel | -11 -10 -9 -8 -7 -7 -7 -7 -7 ------- Run | Yrd Mat Mat Mat Fac Low Low Zio Dee Active Infowar (turns) 3157 | . 33 445 1018 496 1165 . . . Sensors 2402 | . . . 829 496 1077 . . . Terrain 283 | . 33 250 . . . . . . ECM 2345 | . . 195 1018 496 636 . . . Robot Analysis Total . | . . . . . . . . . Derelict Logs Recovered 3 | . . . . . 1 1 1 . Drone Launches . | . . . . . . . . . Drone Recoveries . | . . . . . . . . . Exploration | -11 -10 -9 -8 -7 -7 -7 -7 -7 ------------- Run | Yrd Mat Mat Mat Fac Low Low Zio Dee Turns Passed 4677 | 93 371 445 1044 496 1288 241 556 143 Spaces Moved 4719 | 53 278 617 742 373 1128 380 957 191 Core 11 | 9 . . . . . . . 2 Treads 224 | 44 180 . . . . . . . Legs 1032 | . . . 113 301 618 . . . Wheels 361 | . . . 289 72 . . . . Hover 2961 | . . 585 340 . 510 380 957 189 Flight 130 | . 98 32 . . . . . . Fastest Speed 37 | 50 37 37 52 90 56 52 52 52 Average Speed 75 | 141 116 52 93 106 84 54 52 56 Slowest Speed 180 | 160 160 60 180 110 113 56 52 120 Overloaded Moves . | . . . . . . . . . Propulsion Burnouts . | . . . . . . . . . Robots Hopped . | . . . . . . . . . Potential Cave-ins 2 | . . . 2 . . . . . Cave-ins Triggered . | . . . . . . . . . Exploration Rate (%) 48 | 5 50 53 43 9 94 58 90 32 Regions Visited 8 Branch Regions 4 Pre-discovered Areas 2 | . . . . . 1 1 . . Known Exits Taken 7 | . 1 1 1 1 1 1 1 . Unknown Exits Taken 1 | 1 . . . . . . . . Scrap Searched 7 | . . . . . 2 3 2 . Spaces Dug 24 | . . . 24 . . . . . Terrain Destroyed 148 | . 6 39 76 . 3 2 . 22 Melee . | . . . . . . . . . Projectile 53 | . . . 48 . 3 2 . . AOE 95 | . 6 39 28 . . . . 22 Terrain Rammed . | . . . . . . . . . Walls Destroyed . | . . . . . . . . . Machines Disabled . | . . . . . . . . . Actions | -11 -10 -9 -8 -7 -7 -7 -7 -7 --------- Run | Yrd Mat Mat Mat Fac Low Low Zio Dee Total 5554 | 72 307 715 969 475 1401 396 1014 205 Wait 424 | 1 . 35 82 81 170 . 55 . Move 4711 | 52 277 616 741 372 1127 379 956 191 Hop . | . . . . . . . . . Pick Up 67 | 11 6 12 17 6 12 2 1 . Fast Attach 15 | . 3 4 3 . 3 1 1 . Attach 38 | 6 2 5 11 4 8 . . 2 Detach 7 | . 1 1 1 1 3 . . . Swap 22 | . 2 4 5 1 9 1 . . Drop 49 | 2 6 12 9 5 11 3 1 . Fire 190 | . 10 19 92 . 48 10 . 11 Melee 24 | . . 6 8 . 9 . . 1 Ram 1 | . . 1 . . . . . . Kick . | . . . . . . . . . Crush . | . . . . . . . . . Escape Stasis 5 | . . . . 5 . . . . Rewire . | . . . . . . . . . Trap . | . . . . . . . . . Miscellaneous 1 | . . . . . 1 . . . Route ------- -11/Scrapyard -10/Materials -9/Materials -8/Materials -7/Factory (discovered 2 exits: *Sto / *Low) -7/Lower Caves -7/Lower Caves -7/Zion (discovered 2 exits: *Dee / *Pro) -7/Deep Caves History --------- Turn | Location | Event 8 | -11/Scrapyard | Discovered new exit (range 14) 94 | -11/Scrapyard | Entered Materials 304 | -10/Materials | Build established: Mutant 458 | -10/Materials | Discovered new exit (range 9) 462 | -10/Materials | Identified exit to Materials 465 | -10/Materials | Entered another Materials area 465 | -9/Materials | Evolved 2 slots: Propulsion x1, Utility x1 811 | -9/Materials | Build established: Scavenger-Mutant 903 | -9/Materials | Discovered new exit (range 16) 910 | -9/Materials | Identified exit to Materials 910 | -9/Materials | Entered another Materials area 910 | -8/Materials | Evolved 2 slots: Power x1, Utility x1 917 | -8/Materials | Central database locked down 956 | -8/Materials | Repaired ECM Suite 1119 | -8/Materials | Lost 3 parts (1p1n1u) 1123 | -8/Materials | Build established: Mutant 1884 | -8/Materials | Discovered new exit (range 15) 1936 | -8/Materials | Identified exit to Factory 1954 | -8/Materials | Entered Factory 1954 | -7/Factory | Evolved 2 slots: Utility x2 2270 | -7/Factory | Build established: Hacker-Mutant 2290 | -7/Factory | Fabricated T-07 Excavator (x2) 2327 | -7/Factory | Discovered new exit (range 6) 2333 | -7/Factory | Identified exit to Storage 2422 | -7/Factory | Discovered new exit (range 7) 2429 | -7/Factory | Identified exit to Lower Caves 2450 | -7/Factory | Entered Lower Caves 2450 | -7/Lower Caves | Accompanied by 1 ally 2749 | -7/Lower Caves | Attracted the attention of an 0b10 outpost 2913 | -7/Lower Caves | Found DCF Scrap (12 items) 2931 | -7/Lower Caves | Activated DRS Beacon 3086 | -7/Lower Caves | Spotted B-75 Beast 3099 | -7/Lower Caves | Destroyed B-75 Beast 3333 | -7/Lower Caves | Learned location of Zion (-7) 3507 | -7/Lower Caves | Attracted the attention of an 0b10 checkpoint 3563 | -7/Lower Caves | Build established: Scavenger-Mutant 3712 | -7/Lower Caves | Discovered new exit (range 15) 3736 | -7/Lower Caves | Identified exit to Lower Caves 3738 | -7/Lower Caves | Entered another Lower Caves area 3814 | -7/Lower Caves | Entered a destroyed Warlord outpost 3975 | -7/Lower Caves | Discovered new exit (range 6) 3978 | -7/Lower Caves | Identified exit to Zion 3979 | -7/Lower Caves | Entered Zion 4026 | -7/Zion | Acquired unknown access codes intercepted by a Zionite 4042 | -7/Zion | Discovered new exit (range 16) 4050 | -7/Zion | Identified exit to Proximity Caves 4087 | -7/Zion | Gained Derelict followers 4370 | -7/Zion | Met Imprinter 4380 | -7/Zion | Imprinted 4382 | -7/Zion | Declared Zion's savior 4418 | -7/Zion | Identified exit to Deep Caves 4461 | -7/Zion | Opened final containment barrier to the Deep Caves 4477 | -7/Zion | Saw the warning signs outside the Deep Caves entrance 4535 | -7/Zion | Entered Deep Caves 4535 | -7/Deep Caves | Accompanied by 9 allies 4636 | -7/Deep Caves | Z-Facility disabled 4644 | -7/Deep Caves | Attacked by Z-Imprinter 4656 | -7/Deep Caves | Core integrity fell below 50% 4675 | -7/Deep Caves | Core integrity fell below 20% 4678 | -7/Deep Caves | Destroyed by 0P-1T5(z) with Zionite Laser-S Last Messages --------------- Destroyed Hover Unit. SX-M2E(o) destroyed. 2I-8NX(s) destroyed. Z-Imprinter: GET AWAY FROM HERE! I've worked too hard for our future just to have you ruin everything! Antigrav System destroyed. Imp. Hover Unit destroyed. Mic. Fission Core destroyed. KE Penetrator destroyed. HV Slug penetrates Wall. Antigrav System destroyed. Hyp. Coil Gun destroyed. Imp. Heat Sink destroyed. 7Z-3UO(z) destroyed. DF-BBX(z) destroyed. Hvy. Rocket Launcher destroyed. Mic. Fission Core destroyed. Mak. Hacking Suite destroyed. Z-Imprinter Prototype Hover Unit severed. Map ----- +----------------------------------------------------+ | | | | | | | | | | | | | | | | | | | | | | | | | | | | | ?????????????????????????????????????????????????? | | ????????????=!?????????????###############???????? | | ???????????? #???#????#### ##??????? | | ??????????? ??# ??## #????### | | ??????????? ?# ?## ###### # | | ?????????? # ## ## # | | ?????????? %!z! # | | ????????? ! ! | | ????????? z | | ???????? z | | ???????? Iz | | ???????? @ " """"" | | ???????? """""""""""" | | ???????? """"""""" | | ???????? """""" | | ????????? """" % | | ????????? "" * | | ?????????? | | ?????????? | | ?????????? | | ??????????? | | ??????????? ? | | ???????????? ??? | | ???????????? ????? | | ?????????????? ?????? | | ???????????????? ?????? | | ??????????????????? ????????? | | ????????????????????? ?????????? | | ????????????????????????????????????? | | ??????????????????????????????????????? | | ????????????????????????????????????????? | | ???????????????????????????????????????????? | | ?????????????????????????????????????????????? | | ?????????????????????????????????????????????????? | | ?????????????????????????????????????????????????? | | ?????????????????????????????????????????????????? | +----------------------------------------------------+ Best States ------------- Heat Dissipation 48 Energy Generation 25 Energy Capacity 305 Matter Stores 300 Matter Capacity 300 Sight Range 16 Robot Scan Range 15 Terrain Scan Range 14 Terrain Scan Density 85 ECM Strength 2 Weapon Cycling 15 Evasion (%) 62 Targeting Accuracy 8 Recoil Reduction 2 Offensive Hacking 31 Item Schematics ----------------- Mic. Nuclear Core | -7/Factory | Hacked Ripper | -7/Zion | Free Enh. Flamer | -7/Zion | Free Slug Cannon | -7/Zion | Free Barrage Gun | -7/Zion | Free Hvy. Riot Gun | -7/Zion | Free Flamer | -7/Zion | Free Lance | -7/Zion | Archive Imp. Salvage Targeting Computer | -7/Zion | Archive Hvy. Plasma Cannon | -7/Zion | Archive Lightning Gun | -7/Zion | Archive Adv. Melee Analysis Suite | -7/Zion | Archive Xenon Bombardment Thruster | -7/Zion | Archive Imp. System Restoration Module | -7/Zion | Archive Flak Gun | -7/Zion | Archive Power Amplifier | -7/Zion | Archive Transmission Jammer | -7/Zion | Archive Wave Gun | -7/Zion | Archive Focal Shield | -7/Zion | Archive Energy Filter | -7/Zion | Archive Lrn. Missile Launcher | -7/Zion | Archive Robot Schematics ------------------ G-47 Trooper | -7/Zion | Archive S-27 Virus | -7/Zion | Archive P-60 Hacker | -7/Zion | Archive Fabricated ------------ T-07 Excavator | x2 | -7/Factory | Preloaded Repaired ---------- ECM Suite | 30% | -8/Materials Studied --------- Lgt. Deuterium Engine | -8/Materials | Hacked Imp. Datajack | -8/Materials | Hacked Hover Unit | -8/Materials | Hacked Alien Tech Used ----------------- None Achievements -------------- DATA ERROR: Steam Global Achievement% I Have A Map? Item+ Junior Dev Organ Harvest Overwhelming There's More Where That Came From Challenges ------------ None Game ------ Seed SixDeflectorBeacon Manual? 0 Play Time 01:48:04 Cumulative 44.3 hours Start 2025.10.23 @ 09:20:50 End 2025.10.23 @ 11:09:20 Sessions 1 Manual Loads 0 Difficulty Rogue Special Mode None Game No. 55 Rogue 55 Adventurer 0 Explorer 0 Win Type - Total 0 Types 0/0/0/0/0/0/0/0/0/0 Lore% 17 Gallery% 29 Achievement% 18 Wizard Run 0 Options --------- Layout 1 ASCII 0 Keyboard 0 Movement Mouse Keybinds 0 Fullscreen 2 Font 32/SmallcapsGlow Map View 50x35 Zoom Use 0% Tactical HUD 0 Map Filters NONE Filters NONE Steam 1 RUN: 8d6e5c49-0945-4f34-a819-adadabaf02fa